WIN
HOUSTON (WIN) ASTROS @ MIAMI (WIN) MARLINS
12/12/2047
 
TOP OF THE 1ST
Houston (WIN) Astros batting - Pitching for Miami (WIN) Marlins : LHP Nick Gore
Pitching: LHP Nick Gore
Batting: RHB Masaru Konno 0-0: Ball
1-0: Foul Ball, location: 2F
1-1: Swinging Strike
1-2: Ball
2-2: Ball
3-2: Base on Balls
Batting: SHB Paskar Adegoke 0-0: Ball
1-0: Fly out, F3 (Popup, 34S, EV 78.8 MPH)
Batting: RHB Ramon Castellon 0-0: Ball
1-0: Called Strike
1-1: Swinging Strike
1-2: Foul Ball, location: 2F
1-2: Fly out, F8 (Line Drive, 8RM, EV 96.2 MPH)
Batting: RHB Elijah Hunter 0-0: Ball
1-0: Foul Ball, location: 2F
1-1: Called Strike
Masaru Konno is caught stealing 2nd base 2-4
Top of the 1st over - 0 runs, 0 hits, 0 errors, 0 left on base; Houston (WIN) 0 - Miami (WIN) 0
BOTTOM OF THE 1ST
Miami (WIN) Marlins batting - Pitching for Houston (WIN) Astros : RHP Aaron Shapiro
Pitching: RHP Aaron Shapiro
Batting: RHB Boof Howell 0-0: Ball
1-0: Ball
2-0: Ball
3-0: Called Strike
3-1: Called Strike
3-2: Foul Ball, location: 2F
3-2: Base on Balls
Batting: LHB Eric Bailey 0-0: Ball
1-0: Swinging Strike
1-1: Ball
2-1: Foul Ball, location: 2F
2-2: Foul Ball, location: 2F
2-2: Ball
Balk!
Boof Howell to second
3-2: Foul Ball, location: 2F
3-2: Fly out, F9 (Flyball, 9, EV 85.0 MPH)
Batting: LHB Luis Magdaleno 0-0: Called Strike
0-1: Ball
1-1: Ball
2-1: Fly out, F8 (Flyball, 8LM, EV 89.4 MPH)
Batting: LHB Adam Durgin 0-0: Swinging Strike
0-1: Called Strike
0-2: Strikes out looking
Bottom of the 1st over - 0 runs, 0 hits, 0 errors, 1 left on base; Houston (WIN) 0 - Miami (WIN) 0
TOP OF THE 2ND
Houston (WIN) Astros batting - Pitching for Miami (WIN) Marlins : LHP Nick Gore
Batting: RHB Elijah Hunter 0-0: Called Strike
0-1: Foul Ball, location: 2F
0-2: Ball
1-2: Foul Ball, location: 2F
1-2: Ball
2-2: Ball
3-2: Ground out 6-3 (Groundball, 6, EV 88.1 MPH)
Batting: RHB Bill Cabrera 0-0: Foul Ball, location: 2F
0-1: Foul Ball, location: 2F
0-2: Strikes out swinging
Batting: LHB Jimmy Edlin 0-0: Ball
1-0: Ball
2-0: Ball
3-0: Called Strike
3-1: Called Strike
3-2: Strikes out swinging
Top of the 2nd over - 0 runs, 0 hits, 0 errors, 0 left on base; Houston (WIN) 0 - Miami (WIN) 0
BOTTOM OF THE 2ND
Miami (WIN) Marlins batting - Pitching for Houston (WIN) Astros : RHP Aaron Shapiro
Batting: SHB Ramon Martinez 0-0: Ball
1-0: SINGLE (Groundball, 23, EV 66.9 MPH) (infield hit)
Batting: RHB Isaiah Brockman 0-0: Called Strike
Ramon Martinez steals 2nd base (no throw)
0-1: Called Strike
0-2: Ball
1-2: Ball
2-2: Foul Ball, location: 2F
2-2: Ground out 6-3 (Groundball, 6, EV 107.5 MPH)
Batting: RHB Akira Suzuki 0-0: Ball
1-0: Called Strike
1-1: Ball
2-1: Ball
3-1: Fly out, F8 (Flyball, 8RD, EV 97.5 MPH)
Batting: RHB Orlando Landa 0-0: Called Strike
0-1: Ground out U3 (Groundball, 3, EV 95.0 MPH)
Bottom of the 2nd over - 0 runs, 1 hit, 0 errors, 1 left on base; Houston (WIN) 0 - Miami (WIN) 0
TOP OF THE 3RD
Houston (WIN) Astros batting - Pitching for Miami (WIN) Marlins : LHP Nick Gore
Batting: RHB Ryan Salas 0-0: Called Strike
0-1: Ball
1-1: Foul Ball, location: 2F
1-2: Ball
2-2: Foul Ball, location: 2F
2-2: Foul Ball, location: 2F
2-2: Ball
3-2: Strikes out swinging
Batting: RHB Steve Moore 0-0: Ball
1-0: Ball
2-0: Called Strike
2-1: Ball
3-1: Foul Ball, location: 2F
3-2: Strikes out swinging
Batting: RHB Reginald McDougall 0-0: Ball
1-0: Foul Ball, location: 2F
1-1: Ground out 4-3 (Groundball, 4, EV 80.6 MPH)
Top of the 3rd over - 0 runs, 0 hits, 0 errors, 0 left on base; Houston (WIN) 0 - Miami (WIN) 0
BOTTOM OF THE 3RD
Miami (WIN) Marlins batting - Pitching for Houston (WIN) Astros : RHP Aaron Shapiro
Batting: RHB Masumitsu Sugiura 0-0: Foul Ball, location: 2F
0-1: SOLO HOME RUN (Flyball, 7D, EV 96.2 MPH), Distance : 371 ft
Batting: RHB Boof Howell 0-0: Ball
1-0: Ball
2-0: Ball
3-0: Called Strike
3-1: Called Strike
3-2: Strikes out swinging
Batting: LHB Eric Bailey 0-0: Called Strike
0-1: Called Strike
0-2: Strikes out swinging
Batting: LHB Luis Magdaleno 0-0: Ball
1-0: Foul Ball, location: 2F
1-1: Ball
2-1: Called Strike
2-2: Strikes out looking
Bottom of the 3rd over - 1 run, 1 hit, 0 errors, 0 left on base; Houston (WIN) 0 - Miami (WIN) 1
TOP OF THE 4TH
Houston (WIN) Astros batting - Pitching for Miami (WIN) Marlins : LHP Nick Gore
Batting: RHB Masaru Konno 0-0: Foul Ball, location: 2F
0-1: Ball
1-1: Called Strike
1-2: Foul Ball, location: 2F
1-2: Strikes out swinging
Batting: SHB Paskar Adegoke 0-0: Swinging Strike
0-1: Called Strike
0-2: Strikes out looking
Batting: RHB Ramon Castellon 0-0: SOLO HOME RUN (Flyball, 9LD, EV 91.9 MPH), Distance : 347 ft
Batting: RHB Elijah Hunter 0-0: Foul Ball, location: 2F
0-1: Ball
1-1: Called Strike
1-2: Ball
2-2: Strikes out swinging
Top of the 4th over - 1 run, 1 hit, 0 errors, 0 left on base; Houston (WIN) 1 - Miami (WIN) 1
BOTTOM OF THE 4TH
Miami (WIN) Marlins batting - Pitching for Houston (WIN) Astros : RHP Aaron Shapiro
Batting: LHB Adam Durgin 0-0: Called Strike
0-1: Called Strike
0-2: Ball
1-2: Strikes out swinging
Batting: SHB Ramon Martinez 0-0: Ball
1-0: Foul Ball, location: 2F
1-1: Ball
2-1: Called Strike
2-2: Strikes out swinging
Batting: RHB Isaiah Brockman 0-0: Called Strike
0-1: Ball
1-1: Swinging Strike
1-2: Ball
2-2: Foul Ball, location: 2F
2-2: Strikes out swinging
Bottom of the 4th over - 0 runs, 0 hits, 0 errors, 0 left on base; Houston (WIN) 1 - Miami (WIN) 1
TOP OF THE 5TH
Houston (WIN) Astros batting - Pitching for Miami (WIN) Marlins : LHP Nick Gore
Batting: RHB Bill Cabrera 0-0: Ball
1-0: Ball
2-0: Ball
3-0: Base on Balls
Batting: LHB Jimmy Edlin 0-0: Called Strike
0-1: Swinging Strike
0-2: Strikes out swinging
Batting: RHB Ryan Salas 0-0: Swinging Strike
0-1: Ball
1-1: Ball
2-1: Foul Ball, location: 2F
2-2: Strikes out swinging
Batting: RHB Steve Moore 0-0: Called Strike
0-1: Fielders Choice at 2nd, 6-4 (Groundball, 6, EV 84.4 MPH)
Top of the 5th over - 0 runs, 0 hits, 0 errors, 1 left on base; Houston (WIN) 1 - Miami (WIN) 1
BOTTOM OF THE 5TH
Miami (WIN) Marlins batting - Pitching for Houston (WIN) Astros : RHP Aaron Shapiro
Batting: RHB Akira Suzuki 0-0: Ball
1-0: Fly out, F6 (Popup, 6, EV 70.0 MPH)
Batting: RHB Orlando Landa 0-0: Ball
1-0: Fly out, F4 (Flyball, 4MD, EV 85.6 MPH)
Batting: RHB Masumitsu Sugiura 0-0: Ball
1-0: Foul Ball, location: 2F
1-1: Ball
2-1: Foul Ball, location: 2F
2-2: Strikes out swinging
Bottom of the 5th over - 0 runs, 0 hits, 0 errors, 0 left on base; Houston (WIN) 1 - Miami (WIN) 1
TOP OF THE 6TH
Houston (WIN) Astros batting - Pitching for Miami (WIN) Marlins : LHP Nick Gore
Batting: RHB Reginald McDougall 0-0: Ball
1-0: Fly out, F3 (Popup, 3, EV 71.2 MPH)
Batting: RHB Masaru Konno 0-0: Swinging Strike
0-1: Ball
1-1: Ground out 4-3 (Groundball, 4, EV 104.4 MPH)
Batting: SHB Paskar Adegoke 0-0: Called Strike
0-1: Swinging Strike
0-2: Ball
1-2: Foul Ball, location: 2F
1-2: Strikes out swinging
Top of the 6th over - 0 runs, 0 hits, 0 errors, 0 left on base; Houston (WIN) 1 - Miami (WIN) 1
BOTTOM OF THE 6TH
Miami (WIN) Marlins batting - Pitching for Houston (WIN) Astros : RHP Aaron Shapiro
Batting: RHB Boof Howell 0-0: Called Strike
0-1: Called Strike
0-2: Ball
1-2: Ball
2-2: Ball
3-2: Foul Ball, location: 2F
3-2: Foul Ball, location: 2F
3-2: Base on Balls
Batting: LHB Eric Bailey 0-0: Ball
1-0: Ball
2-0: Ball
3-0: Base on Balls
Boof Howell to second
Batting: LHB Luis Magdaleno 0-0: DOUBLE (Flyball, 78XD, EV 113.1 MPH)
Boof Howell scores
Eric Bailey to third
Batting: LHB Adam Durgin 0-0: Called Strike
0-1: Foul Ball, location: 2F
0-2: Ball
1-2: Strikes out swinging
Batting: SHB Ramon Martinez 0-0: Intentional Walk
Batting: RHB Isaiah Brockman 0-0: Ball
1-0: Ball
2-0: Swinging Strike
2-1: Swinging Strike
2-2: Ball
3-2: Strikes out swinging
Batting: RHB Akira Suzuki 0-0: Ball
1-0: Foul Ball, location: 2F
1-1: Called Strike
1-2: Ball
2-2: Ball
3-2: Strikes out swinging
Bottom of the 6th over - 1 run, 1 hit, 0 errors, 3 left on base; Houston (WIN) 1 - Miami (WIN) 2
TOP OF THE 7TH
Houston (WIN) Astros batting - Pitching for Miami (WIN) Marlins : LHP Nick Gore
Batting: RHB Ramon Castellon 0-0: Ball
1-0: Foul Ball, location: 2F
1-1: Ball
2-1: Ball
3-1: Foul Ball, location: 2F
3-2: Fly out, F7 (Flyball, 78S, EV 87.5 MPH)
Pitching: RHP Tim Poist
Batting: RHB Elijah Hunter 0-0: Ball
1-0: Ground out 1-3 (Groundball, 34S, EV 68.1 MPH)
Batting: RHB Bill Cabrera 0-0: Ball
1-0: Foul Ball, location: 2F
1-1: Foul Ball, location: 2F
1-2: Fly out, F9 (Flyball, 89M, EV 73.1 MPH)
Top of the 7th over - 0 runs, 0 hits, 0 errors, 0 left on base; Houston (WIN) 1 - Miami (WIN) 2
BOTTOM OF THE 7TH
Miami (WIN) Marlins batting - Pitching for Houston (WIN) Astros : RHP Aaron Shapiro
Pitching: RHP Ricardo Acosta
Batting: RHB Orlando Landa 0-0: Called Strike
0-1: Fly out, F9 (Flyball, 89M, EV 79.4 MPH)
Batting: RHB Masumitsu Sugiura 0-0: Ball
1-0: Ball
2-0: Fly out, F9 (Flyball, 89S, EV 88.8 MPH)
Batting: RHB Boof Howell 0-0: Ball
1-0: Ball
2-0: Ball
3-0: Called Strike
3-1: Base on Balls
Batting: LHB Eric Bailey 0-0: Ball
1-0: Foul Ball, location: 2F
1-1: Called Strike
1-2: Ball
2-2: Strikes out swinging
Bottom of the 7th over - 0 runs, 0 hits, 0 errors, 1 left on base; Houston (WIN) 1 - Miami (WIN) 2
TOP OF THE 8TH
Houston (WIN) Astros batting - Pitching for Miami (WIN) Marlins : RHP Tim Poist
Batting: LHB Jimmy Edlin 0-0: Swinging Strike
0-1: Ball
1-1: Ball
2-1: Called Strike
2-2: Ball
3-2: Strikes out swinging
Batting: RHB Ryan Salas 0-0: Ball
1-0: Ball
2-0: Called Strike
2-1: Ball
3-1: SINGLE (Line Drive, 8RS, EV 108.1 MPH)
Pinch Hitting: LHB Josh Birkner 0-0: Ball
1-0: Foul Ball, location: 2F
1-1: Swinging Strike
1-2: Ball
2-2: Strikes out swinging
Pinch Hitting: RHB Xavier Castaneda 0-0: Foul Ball, location: 2F
0-1: Fly out, F7 (Flyball, 7, EV 85.0 MPH)
Top of the 8th over - 0 runs, 1 hit, 0 errors, 1 left on base; Houston (WIN) 1 - Miami (WIN) 2
BOTTOM OF THE 8TH
Miami (WIN) Marlins batting - Pitching for Houston (WIN) Astros : RHP Ricardo Acosta
Now at 2B: Tristan Lewis
Now in CF: Xavier Castaneda
Batting: LHB Luis Magdaleno 0-0: Called Strike
0-1: Called Strike
0-2: Ball
1-2: Ground out 4-3 (Groundball, 13, EV 87.5 MPH)
Batting: LHB Adam Durgin 0-0: Ball
1-0: Foul Ball, location: 2F
1-1: Swinging Strike
1-2: Ball
2-2: Strikes out looking
Batting: SHB Ramon Martinez 0-0: Ball
1-0: Swinging Strike
1-1: Foul Ball, location: 2F
1-2: Foul Ball, location: 2F
1-2: Ball
2-2: Ball
3-2: Fly out, F8 (Flyball, 8LM, EV 90.0 MPH)
Bottom of the 8th over - 0 runs, 0 hits, 0 errors, 0 left on base; Houston (WIN) 1 - Miami (WIN) 2
TOP OF THE 9TH
Houston (WIN) Astros batting - Pitching for Miami (WIN) Marlins : RHP Tim Poist
Pitching: RHP Jorge Lara
Batting: RHB Masaru Konno 0-0: Ball
1-0: SINGLE (Flyball, 9S, EV 95.0 MPH)
Batting: SHB Paskar Adegoke 0-0: Swinging Strike
0-1: Swinging Strike
0-2: Strikes out swinging
Batting: RHB Ramon Castellon 0-0: Ball
1-0: Called Strike
Pickoff Throw by Catcher to First - Error! E2
Masaru Konno to second
1-1: Ball
2-1: Foul Ball, location: 2F
2-2: Ground out 6-3 (Groundball, 6, EV 93.1 MPH)
Batting: RHB Elijah Hunter 0-0: SINGLE (Groundball, 56D, EV 86.9 MPH) (infield hit)
Masaru Konno to third
Batting: RHB Bill Cabrera 0-0: Swinging Strike
0-1: Hit by Pitch
Elijah Hunter to second
Batting: LHB Jimmy Edlin 0-0: Foul Ball, location: 2F
0-1: Ball
1-1: Foul Ball, location: 2F
1-2: Ball
2-2: Foul Ball, location: 2F
2-2: Ball
3-2: Strikes out swinging
Top of the 9th over - 0 runs, 2 hits, 1 error, 3 left on base; Houston (WIN) 1 - Miami (WIN) 2
Thursday, December 15th , 2022 - OOTP Baseball 23.9 Build 102